 Dungeon Crawl Stone Soup version 0.32-a0-768-g0f6f1dd4b9 (webtiles) character file.

Game seed: 15497641295275844460

3304 Fodor the Cleaver (level 9, -2/80 HPs)
             Began as a Minotaur Fighter on Mar 18, 2024.
             Was an Initiate of Gozag.
             Slain by a gnoll
             ... wielding a +0 spear
             ... led by a gnoll bouda
              (3 damage)
             ... on level 8 of the Dungeon.
             The game lasted 00:17:37 (6250 turns).

Fodor the Cleaver (Minotaur Fighter)                Turns: 6250, Time: 00:17:38

Health: -2/80      AC: 13    Str: 25    XL:     9   Next: 70%
Magic:  8/8        EV:  9    Int:  5    God:    Gozag
Gold:   883        SH:  5    Dex: 16    Spells: 8/8 levels left

rFire   . . .        B - +0 war axe
rCold   . . .        c - +0 buckler
rNeg    + . .        b - +0 chain mail
rPois   .            (helmet restricted)
rElec   .            (no cloak)
rCorr   .            z - +0 pair of gloves
SInv    .            f - +0 pair of boots
Will    .....        (no amulet) Stlth
                     h - ring of positive energy
HPRegen 0.33/turn    o - +6 ring of dexterity
MPRegen 0.11/turn

%: no passive effects
@: brilliant, lethally poisoned (-2 -> -4), about to teleport
A: horns 2, retaliatory headbutt
a: Renounce Religion, Potion Petition, Call Merchant, Bribe Branch


You were on level 8 of the Dungeon.
You worshipped Gozag.
Gozag was pleased with you.
You visited 2 branches of the dungeon, and saw 9 of its levels.

You collected 962 gold pieces.
You paid 79 gold pieces to Gozag.

Inventory:

Hand Weapons
 a - a +2 war axe
 B - a +0 war axe (weapon)
Missiles
 r - 5 boomerangs (quivered)
Armour
 b - a +0 chain mail (worn)
 c - a +0 buckler (worn)
 f - a +0 pair of boots (worn)
 z - a +0 pair of gloves (worn)
Jewellery
 h - a ring of positive energy (left hand)
 n - a ring of poison resistance
 o - a +6 ring of dexterity (right hand)
Wands
 p - a wand of flame (24)
 s - a wand of charming (23)
 H - a wand of mindburst (9)
Scrolls
 i - a scroll of fog {unknown}
 j - a scroll of revelation {unknown}
 k - a scroll of teleportation
 l - a scroll of noise {unknown}
 m - a scroll of summoning {unknown}
 u - a scroll of enchant armour {unknown}
 v - a scroll of poison
 w - 3 scrolls of enchant weapon
 x - a scroll of immolation
 y - a scroll of brand weapon
 A - a scroll of silence {unknown}
 D - a scroll of blinking {unknown}
 E - a scroll of fear {unknown}
 G - a scroll of identify
Potions
 d - a potion of brilliance
 e - 3 potions of resistance
 g - 2 potions of enlightenment
 q - a potion of attraction
 t - a potion of lignification
 F - a potion of might


   Skills:
 + Level 7.7 Fighting
 + Level 10.9 Axes
 + Level 3.4 Throwing
 + Level 8.0 Armour
 + Level 3.1 Dodging
 + Level 1.0 Stealth
 + Level 6.1 Shields


You had 8 spell levels left.
You didn't know any spells.
Your spell library was empty.

Dungeon Overview and Level Annotations

Branches:
Dungeon (8/15)             Temple (1/1) D:5
   Lair: D:8-11

Altars:
Ashenzari
Cheibriados
Dithmenos
Elyvilon
Fedhas
Gozag
Hepliaklqana
Kikubaaqudgha
Makhleb
Nemelex Xobeh
Okawaru
Qazlal
Ru
Sif Muna
Uskayaw
Wu Jian
Xom
Yredelemnul
Zin

Portals:
Abyss: D:7

Annotations:
D:7 2 transporters, Gadrel's ghost, novice CoFE


Innate Abilities, Weirdness & Mutations

You have a pair of horns on your head.
You reflexively headbutt those who attack you in melee.


Message History

The gnoll bouda is heavily wounded.
You barely miss the steam dragon.
You are engulfed in a cloud of scalding steam.
You feel sick.
The steam dragon bites you but does no damage.
The steam dragon claws you but does no damage.
You block the gnoll's attack. You block the gnoll bouda's attack.
The gnoll is distracted by your dazzling golden aura.
The gnoll shouts!
You slash the steam dragon! Your headbutt misses the steam dragon.
The steam dragon is moderately wounded.
You slash the gnoll bouda!
You kill the gnoll bouda!
You are engulfed in a cloud of scalding steam.
* * * LOW HITPOINT WARNING * * *
You feel sick.
The gnoll is no longer distracted by gold.
You block the steam dragon's attack.
The steam dragon claws you but does no damage.
The gnoll hits you from afar with a +0 spear.
* * * LOW HITPOINT WARNING * * *
The gnoll barely misses you.
As you read the scroll of teleportation, it crumbles to dust.
You feel strangely unstable.
You feel sick.
The gnoll is no longer moving quickly.
The gnoll is no longer distracted by gold.
The steam dragon breathes steam at you. The ball of steam hits you!
* * * LOW HITPOINT WARNING * * *
The gnoll misses you.
The gnoll hits you but does no damage. x2
It was a potion of brilliance.
You feel clever all of a sudden.
You are engulfed in a cloud of scalding steam.
* * * LOW HITPOINT WARNING * * *
You feel sick. You block the steam dragon's attack. x2
The gnoll closely misses you.
The gnoll is engulfed in a cloud of scalding steam.
The gnoll hits you from afar with a +0 spear.
You die...
Your body crumbles into a pile of gold.

....# .# #........
###.# .#
#.#.......#
###.##.#
#.#.......#
#....#.#
#.#.......#
#....#.#
#.#.....:.#
#....#.#
#.........#
#....#.#
#...g.gg..#
#......#
#..##§D####
#####.##.###..)§@##
#)# .##....###
#)##.##.#.##
##)##.##...#
#........#.#
###.#..###.).#
#......# #..##
#.#.#..###.)##
#..#.#.#......#


You could see a steam dragon and 3 gnolls.

Vanquished Creatures
  3 yaks (D:7)
  A wyvern (D:7)
  A water moccasin (D:5)
  An ice beast (D:8)
  2 centaurs (D:8)
  3 ogres
  2 phantoms
  A bullfrog (D:7)
  A gnoll sergeant (D:8)
  3 scorpions
  6 wights
  3 killer bees (D:8)
  6 howler monkeys
  6 hounds
  2 sleepcaps
  4 orc priests
  Ijyb (D:5)
  2 gnoll boudas
  5 iguanas
  3 orc wizards
  11 gnolls
  11 adders
  A shadow imp (D:8)
  3 white imps
  3 ribbon worms
  2 dart slugs
  25 orcs
  4 ball pythons
  8 endoplasms
  13 giant cockroaches
  2 goblins
  5 hobgoblins
  4 jackals (D:4)
  6 kobolds
  4 quokkas (D:4)
  5 bats
  A frilled lizard (D:3)
  7 rats
171 creatures vanquished.

Notes
Turn   | Place    | Note
-------+----------+-------------------------------------------
     0 | D:1      | Fodor the Minotaur Fighter began the quest for the Orb.
     0 | D:1      | Reached XP level 1. HP: 19/19 MP: 0/0
   417 | D:1      | Reached XP level 2. HP: 27/27 MP: 1/1
   439 | D:1      | You fall into a shaft and drop 1 floor!
   454 | D:2      | Reached skill level 3 in Axes
   531 | D:2      | Found a faded altar of an unknown god.
   551 | D:2      | Reached XP level 3. HP: 30/33 MP: 2/2
   612 | D:2      | Reached XP level 4. HP: 28/40 MP: 3/3
  1198 | D:2      | Reached skill level 4 in Axes
  1594 | D:3      | Found a blossoming altar of Fedhas.
  1666 | D:3      | Found a sacrificial altar of Ru.
  1844 | D:3      | Reached XP level 5. HP: 46/47 MP: 4/4
  2072 | D:3      | Noticed a phantom
  2086 | D:3      | Killed a phantom
  2087 | D:3      | Reached skill level 5 in Axes
  2439 | D:4      | Reached skill level 5 in Armour
  2441 | D:4      | Noticed an ogre
  2447 | D:4      | Killed an ogre
  2448 | D:4      | Reached XP level 6. HP: 55/55 MP: 5/5
  2545 | D:4      | Found a shimmering altar of Xom.
  2744 | D:4      | Found a broken altar of Ashenzari.
  3169 | D:5      | Entered Level 5 of the Dungeon
  3182 | D:5      | Reached skill level 5 in Fighting
  3182 | D:5      | Reached skill level 6 in Axes
  3182 | D:5      | Reached skill level 1 in Dodging
  3266 | D:5      | Reached skill level 1 in Throwing
  3338 | D:5      | Reached XP level 7. HP: 58/61 MP: 6/6
  3527 | D:5      | Noticed Ijyb
  3543 | D:5      | Killed Ijyb
  3561 | D:5      | Found a staircase to the Ecumenical Temple.
  3569 | Temple   | Entered the Ecumenical Temple
  3593 | Temple   | Became a worshipper of Gozag Ym Sagoz the Greedy
  3898 | D:5      | Reached skill level 7 in Axes
  4203 | D:6      | Reached XP level 8. HP: 46/69 MP: 7/7
  4283 | D:6      | Found an ancient bone altar of Kikubaaqudgha.
  4463 | D:6      | Found a white marble altar of Elyvilon.
  4555 | D:6      | Reached skill level 8 in Axes
  5003 | D:7      | Reached skill level 5 in Shields
  5012 | D:7      | Reached skill level 9 in Axes
  5020 | D:7      | Reached XP level 9. HP: 40/78 MP: 8/8
  5345 | D:7      | Found a transporter.
  5384 | D:7      | Found a transporter.
  5435 | D:7      | Found a one-way gate to the infinite horrors of the Abyss.
  5788 | D:7      | Noticed Gadrel's ghost (novice CoFE)
  5821 | D:8      | Reached skill level 10 in Axes
  6216 | D:8      | Reached skill level 1 in Stealth
  6249 | D:8      | HP: 1/80 [steam dragon/ball of steam (10)]
  6250 | D:8      | Slain by a gnoll

Illustrated notes

Levels and vault maps discovered:
D:1:      lemuel_arrival_funnel, layout_loops_corners
D:2:      minmay_roachtagon, layout_rooms, basic_ecumenical_altar
D:3:      layout_loops_ring, mainiacjoe_overflow_boulevard,
          mainiacjoe_overflow_alcove_1
D:4:      layout_basic, kennysheep_mini_moat, brannock_xom_greatest_gift
D:5:      layout_cave_pods, minmay_temple_entry_trees,
          amcnicky_mini_rare_corridor_liquid, uniq_ijyb
D:6:      layout_cave_pools, old_standard_altar, nicolae_elyvilon_peaceful_grove
D:7:      layout_basic, gammafunk_ghost_abyssal_escape
D:8:      layout_rooms, kennysheep_little_box, nrook_campfire,
          grunt_ministairs_2, uniq_pikel
Temple:   hellmonk_temple_forest_ring

Skill      XL: |  1  2  3  4  5  6  7  8  9 |
---------------+----------------------------+-----
Axes           | 3 4 5 6 7 9 10 | 10.9
Armour         | 4 5 6 7 8 |  8.0
Fighting       | 4 5 6 7 |  7.7
Shields        | 4 5 6 |  6.1
Dodging        | 1 2 3 |  3.1
Throwing       | 1 3 |  3.4
Stealth        | 1 |  1.0

Action                     |  1- 3 |  4- 6 |  7- 9 || total
---------------------------+-------+-------+-------++-------
  Melee: War axe           |    41 |   138 |   211 ||   390
         Headbutt          |     8 |    26 |    44 ||    78
  Throw: Boomerang         |       |    17 |    30 ||    47
    Use: Scroll            |       |       |    10 ||    10
         Potion            |       |       |     4 ||     4
   Stab: Distracted        |       |       |     2 ||     2
 Armour: Scale mail        |    37 |   117 |   163 ||   317
         Chain mail        |       |       |    61 ||    61
  Dodge: Dodged            |    16 |    70 |   138 ||   224
  Block: Buckler           |    14 |    27 |    82 ||   123

Table legend: (Time is in decaauts)
 A = Elapsed time spent in this place.
 B = Non-inter-level travel time spent in this place.
 C = Inter-level travel time spent in this place.
 D = Time resting spent in this place.
 E = Time spent auto-exploring this place.
 F = Levels seen in this place.
 G = Mean time per level.
                   A        B        C        D        E       F      G
               +--------+--------+--------+--------+--------+-----+--------+
         Total |   6340 |   6239 |    101 |    484 |   3845 |   9 |  704.4 |
       Dungeon |   6296 |   6213 |     83 |    484 |   3845 |   8 |  787.0 |
        Temple |     43 |     25 |     18 |      0 |      0 |   1 |   43.0 |
               +--------+--------+--------+--------+--------+-----+--------+

Top non-repeatable levels by time:
     D:6: 1024 daAuts
     D:5: 963 daAuts
     D:1: 836 daAuts
     D:4: 835 daAuts
     D:3: 778 daAuts
     D:2: 776 daAuts
     D:7: 640 daAuts
     D:8: 442 daAuts
  Temple: 43 daAuts
